 Dungeon Crawl Stone Soup version 0.24.0-13-gcf9b3192b9 (webtiles) character file.

Game seed: 9767957681539592103, levelgen mode: classic

204371 EnegeticOcto the Fencer (level 17, -11/234 HPs)
             Began as a Minotaur Fighter on Nov 9, 2019.
             Was an Initiate of Gozag.
             Mangled by a very large slime creature (47 damage)
             ... on level 2 of the Pits of Slime.
             The game lasted 00:23:29 (23733 turns).

EnegeticOcto the Fencer (Minotaur Fighter)         Turns: 23733, Time: 00:23:30

Health: -11/234    AC: 35    Str: 29    XL:     17   Next: 50%
Magic:  17/24      EV: 18    Int:  9    God:    Gozag
Gold:   3819       SH:  0    Dex: 20    Spells: 16/16 levels left

rFire    . . .     SeeInvis .   c - +11 plutonium sword {*Contam Stlth-}
rCold    . . .     Gourm    .   (shield currently unavailable)
rNeg     . . .     Faith    .   p - +9 plate armour "Weup" {MR+}
rPois    .         Spirit   .   (helmet restricted)
rElec    .         Reflect  .   P - scarf {cloud immunity}
rCorr    +         Harm     .   I - +0 pair of gloves {Dex+3}
MR       ++...                  x - +5 pair of boots of Shielding {Int+4}
Stlth    ..........             u - amulet of regeneration
HPRegen  0.89/turn              y - ring of Democracy {rCorr Str-4 Dex+7}
MPRegen  0.19/turn              Q - +5 ring of protection

@: berserking, corroded, gold aura, very quick
A: retaliatory headbutt, horns 2
}: 2/15 runes: decaying, serpentine
a: Potion Petition, Call Merchant, Bribe Branch, Renounce Religion


You were on level 2 of the Pits of Slime.
You worshipped Gozag.
Gozag was most pleased with you.
You were full.

You visited 6 branches of the dungeon, and saw 31 of its levels.
You visited 1 bazaar.
You also visited: Bailey.

You collected 11997 gold pieces.
You spent 2918 gold pieces at shops.
You paid 5260 gold pieces to Gozag.

Inventory:

Hand Weapons
 c - the +11 plutonium sword (weapon) {*Contam Stlth-}
   (You found it on level 7 of the Dungeon)

   It causes magical contamination when unequipped.
   It makes you less stealthy.
 E - a +2 war axe of venom
Missiles
 m - 3 throwing nets (quivered)
Armour
 p - the +9 plate armour "Weup" (worn) {MR+}
   (You bought it in a shop on level 4 of the Dungeon)

   It affects your resistance to hostile enchantments.
 x - the +5 pair of boots of Shielding (worn) {Int+4}
   (You bought it in a shop in a bazaar)

   It affects your intelligence (+4).
 I - a +0 pair of gloves of dexterity (worn)
 P - a scarf of cloud immunity (worn)
 W - a scarf of resistance
Jewellery
 u - an amulet of regeneration (around neck)
 y - the ring of Democracy (left hand) {rCorr Str-4 Dex+7}
   (You found it on level 5 of the Dungeon)

   [ring of resist corrosion]

   It affects your strength (-4).
   It affects your dexterity (+7).
   It provides partial protection from all sources of acid and corrosion.
 A - an uncursed ring of positive energy {unknown}
 Q - a +5 ring of protection (right hand)
Wands
 b - a wand of polymorph (27)
 l - a wand of disintegration (28)
 w - a wand of paralysis (15)
 C - a wand of enslavement (20)
 F - a wand of iceblast (35)
 J - a wand of flame (28)
 L - a wand of scattershot (2)
 X - a wand of digging (4)
Scrolls
 a - 4 scrolls of enchant armour
 f - 12 scrolls of teleportation {@r3}
 g - 7 scrolls of remove curse {@r2}
 i - 7 scrolls of fear {!r}
 j - 3 scrolls of enchant weapon
 q - 3 scrolls of fog {!r}
 r - 3 scrolls of magic mapping {@r5}
 s - 3 scrolls of blinking {@r4}
 K - 5 scrolls of identify {@r1}
 M - a scroll of silence
 N - 2 scrolls of torment
 O - 2 scrolls of immolation
 R - a scroll of brand weapon
 T - 3 scrolls of vulnerability
 Y - 6 scrolls of random uselessness
Potions
 d - a potion of might {@q3}
 h - 9 potions of haste {@q4}
 k - 7 potions of brilliance
 n - 5 potions of berserk rage
 o - 9 potions of curing {@q1}
 t - 4 potions of heal wounds {@q2}
 v - 2 potions of cancellation
 z - 4 potions of magic
 B - 3 potions of lignification {@q6}
 D - a potion of resistance
 H - a potion of ambrosia
 V - 2 potions of mutation
Comestibles
 e - 11 rations


   Skills:
 + Level 15.5 Fighting
 * Level 19.5 Long Blades
 - Level 8.1 Axes
 + Level 15.5 Armour
 + Level 14.1 Dodging
   Level 6.5 Shields
 + Level 11.8 Evocations


You had 16 spell levels left.
You didn't know any spells.
Your spell library contained the following spells:

 Spells                   Type           Power        Failure   Level  Hunger
 Animate Skeleton         Necr           N/A          92%         1    ##.....
 Beastly Appendage        Tmut           #.....       92%         1    ##.....
 Confusing Touch          Hex            #.....       92%         1    ##.....
 Corona                   Hex            #......      92%         1    ##.....
 Flame Tongue             Conj/Fire      #....        92%         1    ##.....
 Pain                     Necr           #...         92%         1    ##.....
 Summon Butterflies       Summ           #.......     92%         1    ##.....
 Summon Small Mammal      Summ           #...         92%         1    ##.....
 Call Imp                 Summ           #.......     98%         2    ###....
 Poisonous Vapours        Pois/Air       #.....       98%         2    ###....
 Slow                     Hex            #.......     98%         2    ###....
 Sticks to Snakes         Tmut           #.......     98%         2    ###....
 Call Canine Familiar     Summ           #.......     100%        3    ####...
 Confuse                  Hex            #.......     100%        3    ####...
 Conjure Flame            Conj/Fire      #.......     100%        3    ####...
 Gell's Gravitas          Tloc           #.........   100%        3    ####...
 Inner Flame              Hex/Fire       #.......     100%        3    ####...
 Mephitic Cloud           Conj/Pois/Air  #.......     100%        3    ####...
 Portal Projectile        Hex/Tloc       #.....       100%        3    ####...
 Regeneration             Chrm/Necr      #.........   100%        3    ####...
 Spider Form              Tmut/Pois      #.........   100%        3    ####...
 Summon Guardian Golem    Hex/Summ       #.......     100%        3    ####...
 Vampiric Draining        Necr           #.........   100%        3    ####...
 Animate Dead             Necr           N/A          100%        4    #####..
 Cause Fear               Hex            #.........   100%        4    #####..
 Ice Form                 Ice/Tmut       #.......     100%        4    #####..
 Leda's Liquefaction      Hex/Erth       #.........   100%        4    #####..
 Petrify                  Tmut/Erth      #.......     100%        4    #####..
 Summon Ice Beast         Ice/Summ       #.......     100%        4    #####..
 Summon Lightning Spire   Summ/Air       #.......     100%        4    #####..
 Blade Hands              Tmut           #.........   100%        5    ######.
 Metabolic Englaciation   Hex/Ice        #.........   100%        5    ######.
 Summon Mana Viper        Hex/Summ       #.......     100%        5    ######.
 Yara's Violent Unravell  Hex/Tmut       #.........   100%        5    ######.
 Bolt of Cold             Conj/Ice       #.........   100%        6    #######
 Bolt of Fire             Conj/Fire      #.........   100%        6    #######
 Freezing Cloud           Conj/Ice/Air   #.........   100%        6    #######
 Ozocubu's Refrigeration  Ice            #.........   100%        6    #######
 Simulacrum               Ice/Necr       #.........   100%        6    #######
 Dragon Form              Tmut           #.........   100%        7    #######
 Ring of Flames           Chrm/Fire      #.........   100%        7    #######
 Summon Hydra             Summ           #.........   100%        7    #######
 Dragon's Call            Summ           #.........   100%        9    #######


Dungeon Overview and Level Annotations

Branches:
Dungeon (13/15)            Temple (0/1) D:5            Lair (6/6) D:11
  Swamp (4/4) Lair:3        Snake (4/4) Lair:4        Slime (2/5) Lair:6
    Orc (2/2) D:11            Elf (0/3) Orc:2        Bailey (visited)
 Vaults: D:13-14

Altars:
Ashenzari
Cheibriados
Elyvilon
Fedhas
Gozag
Kikubaaqudgha
Nemelex Xobeh
Ru
Trog
Vehumet
Xom
Yredelemnul
Zin
The Shining One
Beogh
Jiyva

Shops:
D:4 [   D:7 *   D:9 %   Orc:2 %(*(

Portals:
Trove: D:10 (give +4 demon whip)
Ice
Cave: Swamp:4

Annotations:
D:6 1 runed translucent door, Alabard's ghost, novice GnWn
D:8 1 runed translucent door, CPrA's ghost, novice MiHu
D:12 1 runed translucent door, OleJ's ghost, journeyman GnHu
Lair:1 exclusion: oklob plant
Lair:3 1 runed translucent door


Innate Abilities, Weirdness & Mutations

You reflexively headbutt those who attack you in melee.
You have a pair of horns on your head.


Message History

The slime creature quivers.
You slash the acid blob! The acid corrodes you!
Your hands burn!
You headbutt the acid blob!
The acid blob is moderately wounded.
A large slime creature splits.
The acid blob becomes distracted by the nearby gold, dreaming of imaginary riches.
The very large slime creature becomes distracted by the nearby gold, dreaming of imaginary riches.
Two slime creatures merge to form a large slime creature.
You catch the helpless acid blob completely off-guard!
You carve the acid blob like a ham!!!
The acid blob is no longer distracted by gold.
Your hands burn!
The very large slime creature quivers.
You headbutt the acid blob.
You kill the acid blob!
The eye of draining is no longer distracted by gold.
The great orb of eyes is no longer distracted by gold.
The very large slime creature hits you!!
A very large slime creature splits.
Two slime creatures merge to form an enormous slime creature.
The eye of draining becomes distracted by the nearby gold, dreaming of imaginary riches.
You hit the great orb of eyes. You headbutt the great orb of eyes!!
The great orb of eyes is heavily wounded.
The great orb of eyes completely misses you.
You furiously retaliate!
You headbutt the great orb of eyes! The slime creature misses you.
The very large slime creature misses you.
You riposte.
You slash the very large slime creature!
The very large slime creature is moderately wounded.
You cut the great orb of eyes into ribbons!!!
You kill the great orb of eyes!
The buggy slime creature returns to its original shape as it dies.
The enormous slime creature is no longer distracted by gold.
A large slime creature splits.
The slime creature closely misses you.
You slash the enormous slime creature!
Mutagenic energy flows through the plutonium sword!
An enormous slime creature splits.
A large slime creature splits.
The slime creature evaporates and reforms as a satyr!
The slime creature evaporates and reforms as a tyrant leech!
A large slime creature splits.
The slime creature evaporates and reforms as a merfolk!
The slime creature evaporates and reforms as a tyrant leech!
The tyrant leech is moderately wounded.
The eye of draining is no longer distracted by gold.
The slime creature hits you but does no damage.
The very large slime creature hits you.
Two slime creatures merge to form a very large slime creature.
The slime creature closely misses you. You furiously retaliate!
You headbutt the slime creature!
You riposte.
You slash the slime creature! You headbutt the slime creature.
The slime creature is heavily wounded.
You slash the tyrant leech! Your headbutt misses the tyrant leech.
The tyrant leech is lightly wounded.
The slime creature hits you but does no damage.
The wall burns the merfolk!
The tyrant leech bites you!
The tyrant leech draws strength from your injuries!
The slime creature barely misses you.
The tyrant leech bites you but does no damage.
The slime creature barely misses you. You furiously retaliate!
You headbutt the slime creature, but do no damage.
You slice the tyrant leech!! You headbutt the tyrant leech!
You kill the tyrant leech!
The buggy slime creature returns to its original shape as it dies.
The very large slime creature hits you!
* * * LOW HITPOINT WARNING * * *
The wall burns the merfolk!
The slime creature misses you. You furiously retaliate!
You headbutt the slime creature!!
The very large slime creature hits you!!
* * * LOW HITPOINT WARNING * * *
The slime creature hits you!
* * * LOW HITPOINT WARNING * * *
You completely miss the very large slime creature.
The slime creature hits you but does no damage.
The tyrant leech completely misses you. The slime creature closely misses you.
You furiously retaliate!
You headbutt the slime creature!!
You riposte.
You slice the slime creature!! You headbutt the slime creature.
The slime creature is almost dead.
The very large slime creature barely misses you.
You riposte.
You hit the very large slime creature.
The very large slime creature is moderately wounded.
The merfolk barely misses you. You furiously retaliate!
You headbutt the merfolk!!
You slash the very large slime creature!
Mutagenic energy flows through the plutonium sword!
The very large slime creature's pseudopods glow momentarily.
The very large slime creature is lightly wounded.
The slime creature is no longer distracted by gold.
The slime creature hits you but does no damage.
The very large slime creature completely misses you.
The slime creature hits you but does no damage.
The slime creature closely misses you. You furiously retaliate!
You headbutt the slime creature.
You chop the very large slime creature into pieces!!!
You headbutt the very large slime creature, but do no damage.
The very large slime creature is moderately wounded.
The slime creature hits you but does no damage.
The very large slime creature hits you!!!
You die...
Your body crumbles into a pile of gold.

....... . #...
.......#. .#...
........# ......
#......##......
..#.............
.......<.#G.....
..........#.....
..#....wmJ.##.<.
......cJ@J......
.......JJJ......
.......>..J.....
.............#..
................
............#...
...........#..#
.....#...... ..


You could see a satyr, a tyrant leech, 2 very large slime creatures, 5 slime
creatures, a merfolk and an eye of draining.

Vanquished Creatures
  Saint Roka (Orc:1)
  An acid blob (Slime:2)
  2 storm dragons
  2 azure jellies
  2 nagarajas (Snake:4)
  A very ugly thing (Swamp:1)
  2 orc warlords
  An entropy weaver (Lair:3)
  Nessos (Lair:5)
  Azrael (Snake:1)
  A spark wasp (Swamp:4)
  The ghost of Irhican the Severer, a journeyman MiBe of Trog (Lair:3)
  A minotaur (Lair:3)
  A great orb of eyes (Slime:2)
  Fannar (D:11)
  An ice dragon (Swamp:4)
  A ghost crab (Swamp:2)
  2 catoblepae (Lair:6)
  22 hydras
  Harold (D:9)
  5 two-headed ogres
  Erica (D:11)
  4 anacondas
  2 shambling mangroves
  A death knight (D:11)
  7 naga warriors
  3 alligators
  13 death yaks (Lair:6)
  A queen ant (Swamp:1)
  7 naga sharpshooters
  5 shock serpents
  An orc high priest (Orc:1)
  Urug (D:11)
  3 salamander mystics (Snake:4)
  A skeletal warrior (D:11)
  An unseen horror (D:11)
  A sea snake (Snake:1)
  12 swamp dragons
  A spriggan druid (Swamp:4)
  An obsidian statue (D:12)
  7 naga ritualists
  An orange crystal statue (D:12)
  Pikel (D:9)
  9 orc knights
  An orb spider (Snake:3)
  10 mana vipers
  5 cyclopes
  2 shining eyes
  4 ugly things
  An orc sorcerer (Orc:1)
  A manticore (Lair:6)
  28 black mambas
  2 salamanders
  2 moths of wrath (Swamp:1)
  Maurice (D:11)
  3 guardian serpents
  5 naga magi
  2 torpor snails
  15 spiny frogs
  5 rime drakes
  10 komodo dragons
  An efreet (D:11)
  5 trolls
  7 hornets
  A meliai (D:11)
  2 polar bears
  6 blink frogs
  2 bog bodies
  19 tyrant leeches
  21 slime creatures
  6 hippogriffs
  A snapping turtle (Snake:1)
  2 shadows
  3 spriggans
  3 tarantellas
  2 wyverns (D:11)
  3 basilisks
  35 yaks
  5 fire elementals (Snake:1)
  3 golden eyes
  2 wraiths
  2 hungry ghosts
  A human (Lair:4)
  Grum (D:8)
  13 wargs
  19 swamp worms
  25 nagas
  2 acid dragons
  A hell hound (Snake:1)
  A soldier ant (D:13)
  12 water moccasins
  9 porcupines
  11 swamp drakes
  55 orc warriors
  3 sky beasts
  4 ice beasts
  3 slaves (D:9)
  2 black bears
  12 ogres
  A necrophage (D:5)
  A tengu (D:8)
  40 wolves
  13 centaurs
  14 crocodiles
  4 big kobolds
  Blork the orc (D:6)
  21 bullfrogs
  A wyvern zombie (D:11)
  A wyvern skeleton (D:10)
  7 scorpions
  18 killer bees
  A wight (D:6)
  2 electric eels (Lair:1)
  5 centaur zombies
  2 bullfrog zombies
  5 crimson imps
  3 centaur skeletons
  17 orc wizards
  12 orc priests
  5 hounds
  2 bullfrog skeletons
  5 iguanas
  2 worker ants
  4 worker ant zombies
  Robin (D:3)
  5 gnolls
  3 howler monkey skeletons
  18 adders
  2 shadow imps
  An ooze (Orc:2)
  3 adder skeletons
  An adder zombie (D:8)
  2 worms
  2 dart slugs
  4 leopard geckos
  151 orcs
  A ball python (Snake:3)
  5 giant cockroaches
  10 goblins
  9 hobgoblins
  10 jackals
  27 kobolds
  4 quokkas
  7 bats
  6 frilled lizards
  A leopard gecko zombie (D:7)
  A quokka skeleton (D:4)
  4 rats
  A bush (Lair:4)
1003 creatures vanquished.

Vanquished Creatures (collateral kills)
  2 thorn hunters (Swamp:3)
  5 hydras (Swamp:3)
  A naga warrior (Snake:4)
  A satyr (Swamp:3)
  An alligator (Swamp:3)
  A spriggan (Swamp:3)
  A swamp dragon (Swamp:3)
  A hornet (Swamp:3)
  A slime creature (Swamp:3)
  2 nagas (Snake:4)
  A swamp worm (Swamp:3)
  3 swamp drakes (Swamp:3)
20 creatures vanquished.

Vanquished Creatures (others)
  4 nagarajas (Snake:4)
  A naga warrior (Snake:4)
  An alligator (Swamp:3)
  A salamander mystic (Snake:4)
  5 naga sharpshooters (Snake:4)
  A shock serpent (Snake:4)
  2 naga ritualists (Snake:4)
  A salamander (Snake:3)
  3 guardian serpents (Snake:4)
  4 naga magi (Snake:4)
  17 nagas (Snake:4)
  8 briar patches (Swamp:3)
  A fungus (Lair:1)
  7 plants
  5 toadstools (Swamp:3)
  A withered plant (D:6)
62 creatures vanquished.

Grand Total: 1085 creatures vanquished

Notes
Turn   | Place    | Note
-------+----------+-------------------------------------------
     0 | D:1      | EnegeticOcto the Minotaur Fighter began the quest for the
                  | Orb.
     0 | D:1      | Reached XP level 1. HP: 19/19 MP: 0/0
   190 | D:1      | Reached XP level 2. HP: 27/27 MP: 1/1
   740 | D:2      | Reached skill level 1 in Dodging
  1025 | D:2      | Reached XP level 3. HP: 33/33 MP: 2/2
  1562 | D:3      | Noticed Robin
  1573 | D:3      | Killed Robin
  1620 | D:3      | Reached XP level 4. HP: 40/40 MP: 3/3
  1720 | D:3      | Found a glowing golden altar of the Shining One.
  1722 | D:3      | Found a blossoming altar of Fedhas.
  1747 | D:3      | Found a white marble altar of Elyvilon.
  1747 | D:3      | Found a glowing silver altar of Zin.
  1912 | D:3      | Noticed a big kobold
  1931 | D:3      | Killed a big kobold
  1931 | D:3      | Reached XP level 5. HP: 30/47 MP: 4/4
  2118 | D:3      | Found an opulent altar of Gozag.
  2119 | D:3      | Found a bloodstained altar of Trog.
  2127 | D:3      | Became a worshipper of Gozag Ym Sagoz the Greedy
  2351 | D:4      | Reached XP level 6. HP: 43/53 MP: 5/5
  2389 | D:4      | Found a basalt altar of Yredelemnul.
  2394 | D:4      | Found a shattered altar of Ashenzari.
  2394 | D:4      | Found a sacrificial altar of Ru.
  2411 | D:4      | Reached skill level 5 in Axes
  2597 | D:4      | Reached skill level 5 in Shields
  2700 | D:4      | Found Etror's Armour Shoppe.
  2718 | D:4      | Reached skill level 5 in Fighting
  2834 | D:4      | Found an opulent altar of Gozag.
  2926 | D:5      | Entered Level 5 of the Dungeon
  2940 | D:5      | Reached skill level 5 in Armour
  2940 | D:5      | Reached XP level 7. HP: 58/61 MP: 6/6
  3013 | D:5      | Got an ancient golden ring
  3069 | D:5      | Found a staircase to the Ecumenical Temple.
  3670 | D:6      | Reached skill level 1 in Evocations
  3683 | D:6      | Identified the ring of Democracy {rCorr Str-4 Dex+7} (You
                  | found it on level 5 of the Dungeon)
  3705 | D:6      | Found an ancient bone altar of Kikubaaqudgha.
  3799 | D:6      | Noticed Blork the orc
  3805 | D:6      | Killed Blork the orc
  3805 | D:6      | Reached XP level 8. HP: 66/70 MP: 7/7
  3837 | D:6      | Found a shattered altar of Ashenzari.
  3984 | D:6      | Found a runed translucent door.
  3985 | D:6      | Noticed Alabard's ghost (novice GnWn)
  4292 | D:7      | Found Ovidoc's General Store.
  4575 | D:7      | Found the +11 plutonium sword {*Contam Stlth-}
  4771 | D:7      | Found a sparkling altar of Nemelex Xobeh.
  4784 | D:7      | Reached XP level 9. HP: 78/78 MP: 9/9
  4840 | D:7      | Found a blossoming altar of Fedhas.
  4936 | D:8      | Reached skill level 1 in Long Blades
  5011 | D:8      | Reached skill level 2 in Long Blades
  5011 | D:8      | Reached skill level 5 in Dodging
  5099 | D:4      | Bought the +9 plate armour "Weup" {MR+} for 967 gold pieces
  5365 | D:8      | Found a runed translucent door.
  5365 | D:8      | Found a shimmering altar of Xom.
  5365 | D:8      | Noticed CPrA's ghost (novice MiHu)
  5365 | D:8      | Noticed a +2 hand axe of chaos
  5473 | D:8      | Reached skill level 3 in Long Blades
  5855 | D:8      | Noticed Grum
  5858 | D:8      | Reached skill level 4 in Long Blades
  5866 | D:8      | Killed Grum
  5988 | D:8      | Reached skill level 5 in Long Blades
  6174 | D:9      | Found a snail-covered altar of Cheibriados.
  6200 | D:9      | Reached XP level 10. HP: 36/88 MP: 10/12
  6246 | D:9      | Reached skill level 6 in Long Blades
  6288 | D:9      | Found Ratosm's Food Emporium.
  6409 | D:9      | Noticed Harold
  6410 | D:9      | Noticed Pikel
  6421 | D:9      | Killed Pikel
  6423 | D:9      | Killed Harold
  6423 | D:9      | Reached skill level 7 in Long Blades
  6684 | D:10     | Entered Level 10 of the Dungeon
  6779 | D:10     | Reached skill level 5 in Evocations
  6844 | D:10     | Noticed a two-headed ogre
  6850 | D:10     | Killed a two-headed ogre
  6850 | D:10     | Reached skill level 8 in Long Blades
  6992 | D:10     | Noticed a two-headed ogre
  6999 | D:10     | Killed a two-headed ogre
  6999 | D:10     | Reached XP level 11. HP: 75/95 MP: 13/13
  7035 | D:10     | Found a portal to a secret trove of treasure.
  7585 | D:11     | Noticed a two-headed ogre
  7592 | D:11     | Killed a two-headed ogre
  7592 | D:11     | Reached skill level 9 in Long Blades
  7699 | D:11     | Noticed a two-headed ogre
  7708 | D:11     | Killed a two-headed ogre
  7743 | D:11     | Noticed a purple ugly thing
  7746 | D:11     | Killed a purple ugly thing
  7746 | D:11     | Reached skill level 10 in Long Blades
  7876 | D:11     | Found a staircase to the Lair.
  7997 | D:11     | Noticed Urug
  8006 | D:11     | Killed Urug
  8090 | D:11     | Noticed Erica
  8099 | D:11     | Killed Erica
  8217 | D:11     | You fall into a shaft and drop 2 floors!
  8249 | D:13     | Found a flagged portal.
  8265 | Bailey   | Entered a bailey
  8561 | Bailey   | Reached skill level 10 in Fighting
  8623 | Bailey   | Reached skill level 10 in Armour
  8964 | D:13     | Reached skill level 11 in Long Blades
  8964 | D:13     | Reached XP level 12. HP: 106/106 MP: 15/15
  9023 | D:12     | Found a runed translucent door.
  9033 | D:12     | Noticed OleJ's ghost (journeyman GnHu)
  9080 | D:11     | Noticed Maurice
  9087 | D:11     | Killed Maurice
  9221 | D:11     | Noticed a death knight
  9230 | D:11     | Killed a death knight
  9380 | D:11     | Found a staircase to the Orcish Mines.
  9626 | D:11     | Noticed a two-headed ogre
  9632 | D:11     | Reached skill level 12 in Long Blades
  9642 | D:11     | Killed a two-headed ogre
  9801 | Orc:1    | Entered Level 1 of the Orcish Mines
  9801 | Orc:1    | Noticed Fannar
  9947 | D:11     | Killed Fannar
 10060 | D:12     | Noticed a two-headed ogre
 10061 | D:12     | a two-headed ogre changed into a cyclops
 10856 | D:12     | Reached XP level 13. HP: 56/116 MP: 17/17
 10952 | Orc:1    | Noticed an orc warlord
 11078 | Orc:1    | Killed an orc warlord
 11078 | Orc:1    | Reached skill level 13 in Long Blades
 11078 | Orc:1    | Reached skill level 10 in Dodging
 11116 | Orc:1    | Found a radiant altar of Vehumet.
 11197 | Orc:2    | Entered Level 2 of the Orcish Mines
 11202 | Orc:2    | Noticed Saint Roka
 11341 | Orc:1    | Killed Saint Roka
 11774 | Orc:2    | Found a gateway to a bazaar.
 11834 | Orc:2    | Reached skill level 14 in Long Blades
 11891 | Bazaar   | Entered a bazaar
 11891 | Bazaar   | Found Weset's Assorted Antiques.
 11891 | Bazaar   | Found Etalo's Antique Armour Emporium.
 11891 | Bazaar   | Found Ceoddur's Magic Scroll Shop.
 11891 | Bazaar   | Found Gamer's Magic Scroll Shoppe.
 11976 | Bazaar   | Found Kavun's Antique Weapon Boutique.
 12013 | Bazaar   | Bought a pair of steaming boots for 275 gold pieces
 12023 | Bazaar   | Identified the +5 pair of boots of Shielding {Int+4} (You
                  | bought it in a shop in a bazaar)
 12026 | Bazaar   | Bought a scroll of acquirement for 676 gold pieces
 12026 | Bazaar   | Bought a scroll of magic mapping for 45 gold pieces
 12026 | Bazaar   | Bought a scroll of magic mapping for 45 gold pieces
 12034 | Bazaar   | Bought a potion of heal wounds for 100 gold pieces
 12034 | Bazaar   | Bought a scroll of teleportation for 60 gold pieces
 12034 | Bazaar   | Bought a potion of haste for 200 gold pieces
 12034 | Bazaar   | Bought a scroll labeled USMUFI BU XER for 20 gold pieces
 12034 | Bazaar   | Bought a scroll of teleportation for 60 gold pieces
 12037 | Bazaar   | Bought a scroll of enchant armour for 90 gold pieces
 12211 | Orc:2    | Found a roughly hewn altar of Beogh.
 12253 | Orc:2    | Noticed an orc warlord
 12274 | Orc:2    | Killed an orc warlord
 12301 | Orc:2    | Found Vaepyps's General Store.
 12301 | Orc:2    | Found Toxzatt's Antique Weapon Emporium.
 12388 | Orc:2    | Bought a potion of haste for 180 gold pieces
 12423 | Orc:2    | Found a staircase to the Elven Halls.
 12621 | Orc:2    | Found Wyr Nag's Weapon Emporium.
 12621 | Orc:2    | Found Pimia's Food Boutique.
 12812 | Orc:2    | Bought a ration for 50 gold pieces
 12812 | Orc:2    | Bought a ration for 50 gold pieces
 12812 | Orc:2    | Bought a ration for 50 gold pieces
 12812 | Orc:2    | Bought a ration for 50 gold pieces
 12922 | Lair:1   | Entered Level 1 of the Lair of Beasts
 13038 | Lair:1   | Reached XP level 14. HP: 126/126 MP: 19/19
 14677 | Lair:3   | Noticed Irhican's ghost (journeyman MiBe)
 14684 | Lair:3   | Reached skill level 15 in Long Blades
 14699 | Lair:3   | Found a runed translucent gate.
 14699 | Lair:3   | Found a runed translucent gate.
 14699 | Lair:3   | Found a runed translucent gate.
 14942 | Lair:3   | Noticed an entropy weaver
 14942 | Lair:3   | a six-headed hydra changed into an entropy weaver
 14948 | Lair:3   | Killed an entropy weaver
 15274 | Lair:3   | Found a runed translucent door.
 15562 | Lair:3   | Found a staircase to the Swamp.
 15792 | Lair:3   | Killed Irhican's ghost
 16101 | Lair:4   | Found a staircase to the Snake Pit.
 16870 | Lair:5   | Noticed Nessos
 16891 | Lair:5   | Killed Nessos
 17520 | Lair:6   | Entered Level 6 of the Lair of Beasts
 17524 | Lair:6   | Reached skill level 16 in Long Blades
 17626 | Lair:6   | Reached XP level 15. HP: 134/136 MP: 21/21
 18041 | Lair:6   | Noticed an azure jelly
 18041 | Lair:6   | a death yak changed into an azure jelly
 18044 | Lair:6   | Killed an azure jelly
 18221 | Lair:6   | Reached skill level 10 in Evocations
 18312 | Lair:6   | Noticed a storm dragon
 18312 | Lair:6   | a catoblepas changed into a storm dragon
 18316 | Lair:6   | Killed a storm dragon
 18440 | Lair:6   | Found a viscous altar of Jiyva.
 18440 | Lair:6   | Found a staircase to the Slime Pits.
 19232 | Snake:1  | Entered Level 1 of the Snake Pit
 19241 | Snake:1  | Noticed Azrael
 19260 | Snake:1  | Killed Azrael
 19260 | Snake:1  | Reached skill level 17 in Long Blades
 20032 | Snake:1  | Got a steaming cloak
 20043 | Snake:1  | Identified the -3 cloak of Aweothru {rElec MR- Dex+2} (You
                  | acquired it on level 1 of the Snake Pit)
 20192 | Swamp:1  | Entered Level 1 of the Swamp
 20872 | Swamp:1  | Reached XP level 16. HP: 142/146 MP: 22/22
 20991 | Swamp:3  | Noticed a thorn hunter
 20999 | Swamp:3  | Noticed a thorn hunter
 21000 | Swamp:3  | Killed a thorn hunter
 21013 | Swamp:3  | Killed a thorn hunter
 21019 | Swamp:3  | Reached skill level 18 in Long Blades
 21491 | Swamp:4  | Entered Level 4 of the Swamp
 21753 | Swamp:4  | Got a decaying rune of Zot
 21807 | Swamp:4  | Found a frozen archway.
 22366 | Snake:3  | Reached skill level 15 in Fighting
 22473 | Snake:3  | Reached skill level 15 in Armour
 22507 | Snake:3  | Reached XP level 17. HP: 43/156 MP: 24/24
 22649 | Snake:3  | Reached skill level 19 in Long Blades
 22788 | Snake:4  | Entered Level 4 of the Snake Pit
 23423 | Snake:4  | Got a serpentine rune of Zot
 23615 | Slime:1  | Entered Level 1 of the Pits of Slime
 23709 | Slime:2  | Noticed an acid blob
 23718 | Slime:2  | Paralysed by a great orb of eyes for 4 turns
 23725 | Slime:2  | Killed an acid blob
 23733 | Slime:2  | Mangled by a very large slime creature

Levels and vault maps discovered:
D:1:      wander_arrival_chamber, layout_basic
D:2:      minmay_door_path, layout_loops_ring, first_ration,
          wander_ebering_terrifying_dragon_lair
D:3:      cheibrodos_thug_alley, layout_basic, good_gods_mini_temple,
          gammafunk_temple_overflow_pools, fedhas_ov_isle_minmay, uniq_robin
D:4:      layout_cave_pools, grunt_temple_overflow_open, serial_shops,
          nicolae_shop_behind_doors, nicolae_gozag_seed_capital
D:5:      layout_loops_cross, minmay_temple_entry_antechambers
D:6:      minmay_recursive_quarters, layout_basic, kiku_gazebo_pond_becter,
          gammafunk_ghost_grave, ashenzari_altar_1, uniq_blork_the_orc
D:7:      layout_cave_pools, kennysheep_mini, nemelex_xobeh_ov_fountains_minmay,
          serial_shops, nicolae_shop_trees, roderic_batcave, grunt_ogre_cave
D:8:      layout_basic, ebering_ghost_xom, uniq_grum
D:9:      layout_cross, lemuel_crystal_altar, serial_shops,
          nicolae_shop_window_shopping, uniq_pikel, uniq_harold
D:10:     layout_cave_pods, nicolae_trove_entry_free_sample
D:11:     minmay_quarter_circles, layout_loops_corners, lair_entry_dummy,
          uniq_erica, uniq_maurice, uniq_urug
D:12:     minmay_separated_statues, layout_stronghold,
          ebering_ghost_reflecting_pool
D:13:     layout_loops_corners, grunt_vaults_entry_fortified, enter_bailey_6
Lair:1:   layout_small_grid, grunt_megastairs_3, minmay_lair_oklob_chamber,
          serial_bayou_shore_a, serial_bayou_shore_b
Lair:2:   layout_regular_city, hibernation_bobbens, grunt_megastairs_2
Lair:3:   gammafunk_mikee_crab_dinner, layout_loops_ring,
          palyth_hydra_swamp_entry, serial_forest,
          infiniplex_forest_lined_room_, infiniplex_forest_zigzag_1,
          infiniplex_forest_clump_small, infiniplex_forest_lined_room_2,
          infiniplex_forest_3_way, infiniplex_forest_lined_room_2,
          infiniplex_forest_clump_cross, infiniplex_forest_clump_small,
          infiniplex_forest_end_2, infiniplex_forest_zigzag_1,
          maelrawn_ghost_gauntlet_escape, st_stairs_12, beast_lair_carwin_6
Lair:4:   layout_long_grid, minmay_snake_entry_guardpost_medium, wad_woods_06,
          minmay_lair_drake_nest
Lair:5:   layout_misc_corridors, uniq_nessos
Lair:6:   evilmike_catoblepas_cave, layout_cave_pods, slime_altar_1,
          minivault_24, grunt_forest_large_clearings
Swamp:1:  layout_basic_swamp, serial_swamp_ruin, evilmike_swamp_ruin_rubble_2,
          evilmike_swamp_ruin_rubble_1, evilmike_swamp_ruin_house_5,
          swamp_pool3, worms_lemuel
Swamp:2:  layout_falls_marsh, evilmike_swamp_ruin_house_6,
          infiniplex_staircase_pool
Swamp:3:  cheibrodos_swamp_tower_of_moss, layout_basic_swamp,
          evilmike_swamp_ruin_house_3, st_swamp_ruins_4
Swamp:4:  swamp, layout_basic_swamp, portal_ice_cave_entry_pillars_three
Snake:1:  layout_onion, serial_bayou_lagoon_b, uniq_azrael
Snake:2:  layout_gridlike
Snake:3:  layout_grid_maze, serial_shops, shop, drop_trap,
          nicolae_snake_springs, minmay_shoptagon, uniq_aizul, uniq_nikola
Snake:4:  johnstein_snake_rune_scales, layout_misc_corridors
Slime:1:  layout_caves
Slime:2:  layout_caves
Orc:1:    layout_caves, basic_altar, lemuel_statue_altar, uniq_fannar
Orc:2:    st_orc_town, layout_diamond_mine, special_room, serial_shops,
          bzr_entry_customers, uniq_saint_roka

Skill      XL: |  1  2  3  4  5  6  7  8  9 10 11 12 13 14 15 16 17 |
---------------+----------------------------------------------------+-----
Axes           | 3 4 5 6 8 |  8.1
Dodging        | 1 2 3 4 6 7 8 9 11 12 13 14 | 14.1
Shields        | 4 5 6 |  6.5
Fighting       | 4 5 6 7 8 10 11 12 13 14 15 | 15.5
Armour         | 4 5 6 7 8 10 11 12 13 14 15 | 15.5
Evocations     | 1 2 4 5 6 7 8 9 10 11 | 11.8
Long Blades    | 5 8 11 12 14 16 17 18 19 | 19.5

Action                   |  1- 3 |  4- 6 |  7- 9 | 10-12 | 13-15 | 16-18 || total
-------------------------+-------+-------+-------+-------+-------+-------++-------
Melee: War axe           |    83 |   169 |   128 |       |       |       ||   380
       Headbutt          |    14 |    25 |    42 |    98 |   273 |   165 ||   617
       Triple sword      |       |       |   102 |   379 |   902 |   453 ||  1836
Invok: Potion Petition   |       |       |       |     1 |       |     3 ||     4
       Bribe Branch      |       |       |       |       |       |     1 ||     1
Evoke: Wand              |       |       |       |       |    13 |     5 ||    18
  Use: Scroll            |       |       |    17 |     4 |    13 |     4 ||    38
       Potion            |       |       |       |     3 |     6 |    10 ||    19
 Stab: Distracted        |       |     1 |       |     9 |    10 |    11 ||    31
       Paralysed         |       |       |       |       |    13 |     3 ||    16
       Invisible         |       |       |       |       |     7 |    11 ||    18
       Confused          |       |       |       |       |       |     1 ||     1
  Eat: Chunk             |     2 |     2 |       |       |       |       ||     4
       Ration            |       |     1 |     4 |     5 |    10 |     4 ||    24
Armor: Scale mail        |    28 |    59 |    72 |       |       |       ||   159
       Plate armour      |       |       |   122 |   371 |   665 |   437 ||  1595
Dodge: Dodged            |    30 |    58 |   141 |   348 |   761 |   504 ||  1842
Block: Shield            |    45 |    82 |    61 |       |       |       ||   188
       Rpst.: Triple sword |       |       |    21 |    91 |   188 |    91 ||   391
